 Dungeon Crawl Stone Soup version 0.23.0 (webtiles) character file.

Game seed: 6060499522636314305

88 PentaManta the Sneak (level 4, 0/22 HPs)
             Began as a Spriggan Assassin on Feb 17, 2019.
             Slain by a gnoll
             ... wielding a +0 club
              (8 damage)
             ... on level 3 of the Dungeon.
             The game lasted 00:08:57 (2910 turns).

PentaManta the Sneak (Spriggan Assassin)            Turns: 2910, Time: 00:08:58

Health: 0/22       AC:  3    Str:  7    XL:     4   Next: 29%
Magic:  5/5        EV: 21    Int: 12    God:
Gold:   108        SH:  0    Dex: 18    Spells: 3/3 levels left

rFire    . . .     SeeInvis +   a - +2 dagger
rCold    . . .     Gourm    .   (shield restricted)
rNeg     . . .     Faith    .   c - +0 robe
rPois    .         Spirit   .   (helmet restricted)
rElec    .         Reflect  .   d - +0 cloak
rCorr    .         Harm     .   (gloves unavailable)
MR       .....                  (boots unavailable)
Stlth    ++++......             (no amulet)
HPRegen  0.07/turn              (no ring)
MPRegen  0.09/turn              (no ring)

@: very quick
A: very small, unfitting armour, see invisible, herbivore, speed 3, slow
metabolism 2
a: no special abilities


You were on level 3 of the Dungeon.
You were not hungry.

You visited 1 branch of the dungeon, and saw 3 of its levels.

You collected 108 gold pieces.

Inventory:

Hand Weapons
 a - a +2 dagger (weapon)
 b - a +0 blowgun
 o - a +1 short sword of venom
Missiles
 e - 39 poisoned needles
 f - 2 curare-tipped needles
Armour
 c - a +0 robe (worn)
 d - a +0 cloak (worn)
Scrolls
 i - 4 scrolls of identify
 j - a scroll of enchant weapon {unknown}
 l - a scroll of noise {unknown}
 n - a scroll of teleportation {unknown}
 p - a scroll of amnesia {unknown}
 q - a scroll of blinking {unknown}
Potions
 h - a potion of invisibility {unknown}
 k - 2 potions of curing {unknown}
 m - 3 potions of heal wounds {unknown}
Comestibles
 g - 8 rations


   Skills:
 - Level 1.5 Fighting
 - Level 2.1 Short Blades
 - Level 2.0 Throwing
 * Level 5.1 Dodging
 + Level 6.9 Stealth


You had 3 spell levels left.
You didn't know any spells.
Your spell library was empty.

Dungeon Overview and Level Annotations

Branches:
Dungeon (3/15)

Altars:


Innate Abilities, Weirdness & Mutations

You are very small and have problems with some larger weapons.
You are too small for most types of armour.
You have supernaturally acute eyesight. (SInv)
You are a herbivore.
You cover ground extremely quickly.
You need to consume almost no food.


Message History

Your Dodging skill increases to level 5!
The gnoll hits you with a +0 club.
You hit the gnoll.
The gnoll is lightly wounded.
The gnoll misses you.
You hit the gnoll.
The gnoll is moderately wounded.
You hit the gnoll.
The gnoll is moderately wounded.
The gnoll closely misses you.
You barely miss the gnoll.
The gnoll is moderately wounded.
The gnoll completely misses you.
You hit the gnoll but do no damage.
The gnoll is moderately wounded.
The gnoll misses you.
You barely miss the gnoll.
The gnoll is moderately wounded.
The gnoll hits you with a +0 club!
You die...

..###.......#####.#.#
........##........#.#
..###..###..###...#.##########
..###..###..##.....#....g....#
.......)....##g.....########.#
.......###......##......# #.#
.......# #####.###..###.#
##.#### .###.†.# #.)#g#.#
#...... # #...#######..@...#
#..#### .###.............####
#..)... ........#######.##
#.##### ####...## #.# #.#####
........# #.# #.....#
####....# #.# #####[# #....#
#.# #.# ####....### ##.# #.#
..........# .#.# #.#


You could see a gnoll.

Vanquished Creatures
  Terence (D:3)
  2 gnolls
  An ooze (D:3)
  A dart slug (D:1)
  A worm (D:2)
  2 leopard geckos
  An orc (D:3)
  2 giant cockroaches (D:1)
  4 goblins
  2 hobgoblins (D:1)
  7 kobolds
  A quokka (D:2)
  4 bats
  2 frilled lizards (D:2)
  2 rats (D:2)
33 creatures vanquished.

Vanquished Creatures (others)
  A kobold (D:1)
1 creature vanquished.

Grand Total: 34 creatures vanquished

Notes
Turn   | Place    | Note
-------+----------+-------------------------------------------
     0 | D:1      | PentaManta the Spriggan Assassin began the quest for the
                  | Orb.
     0 | D:1      | Reached XP level 1. HP: 10/10 MP: 2/2
   176 | D:1      | Reached skill level 6 in Stealth
   284 | D:1      | Reached XP level 2. HP: 10/14 MP: 3/3
  1048 | D:2      | Reached XP level 3. HP: 14/18 MP: 4/4
  1785 | D:3      | Noticed Terence
  2787 | D:3      | Killed Terence
  2787 | D:3      | Reached XP level 4. HP: 21/22 MP: 5/5
  2904 | D:3      | Reached skill level 5 in Dodging
  2910 | D:3      | Slain by a gnoll

Skill      XL: |  1  2  3  4 |
---------------+-------------+-----
Dodging        | 2 3 4 5 |  5.1
Stealth        | 6 |  6.9
Fighting       | |  1.5
Short Blades   | |  2.1
Throwing       | |  2.0

Action                   |  1- 3 |  4- 6 || total
-------------------------+-------+-------++-------
Melee: Dagger            |   135 |    21 ||   156
  Use: Scroll            |     3 |       ||     3
       Potion            |     2 |       ||     2
 Stab: Sleeping          |     9 |       ||     9
       Distracted        |     1 |       ||     1
Armor: Robe              |     7 |       ||     7
Dodge: Dodged            |   106 |    19 ||   125
